[ AOE2 MATCH · #506325234 ]
UnrankedRomans vs Japanese
Player's team · WIN
Rival team · LOSS
[ REPLAY ANALYSIS · EXTRACTED FROM THE RECORDED GAME ]
Feudal
8:43
Castle
—
Imperial
—
| APM avg | 56.8 |
| APM peak | 86 |
| eAPM avg | 22.3 |
| Villagers / military | 50 / 34 |
Focus
⚔️ 45.3% · 🌾 54.7%
Militia ×16 · Skirmisher ×15 · Spearman ×3
Feudal
8:35
Castle
28:57
Imperial
—
| APM avg | 62.0 |
| APM peak | 91 |
| eAPM avg | 18.6 |
| Villagers / military | 56 / 24 |
Focus
⚔️ 30.8% · 🌾 69.2%
Archer ×16 · Militia ×4 · Scout Cavalry ×4
Match map
Initial resources + every placement click. Lines = walls · curves = elevation contours. ◆ gold · ⬟ stone · ● berries · ✦ relic · ◌ wall gap
Your base· Open — unwalled flank
烤乳猪's base· Open — unwalled flank
Smoothed initial terrain · ◌ = detected wall gap · hover for details
Inputs per minute
— RD | El_Zapatero22 - - 烤乳猪
Build order — RD | El_Zapatero22
149 actions detected in the replay
| 0:01 | Create | Villager (Male) ×4 |
| 0:02 | Build | House |
| 0:02 | Build | House |
| 1:09 | Create | Villager (Male) |
| 1:52 | Build | Lumber Camp |
| 1:58 | Build | Lumber Camp |
| 2:01 | Create | Villager (Male) |
| 2:14 | Create | Villager (Male) |
| 2:43 | Create | Villager (Male) |
| 2:43 | Create | Villager (Male) |
| 3:04 | Create | Villager (Male) |
| 3:04 | Create | Villager (Male) |
| 3:16 | Create | Villager (Male) |
| 3:48 | Create | Villager (Male) |
| 3:53 | Build | House |
| 4:11 | Create | Villager (Male) |
| 4:20 | Build | Mill |
| 4:39 | Create | Villager (Male) |
| 4:51 | Create | Villager (Male) |
| 5:26 | Research | Loom |
| 6:33 | Research | Feudal Age |
| 6:33 | Research | Feudal Age |
| 6:43 | Build | Barracks |
| 6:59 | Build | House |
| 7:24 | Create | Militia |
| 7:24 | Create | Militia |
| 7:24 | Create | Militia |
| 7:54 | Create | Militia |
| 8:00 | Create | Militia |
| 8:43 | Age | Feudal Age |
| 8:48 | Research | Man-at-Arms (upgrade) |
| 8:54 | Create | Villager (Male) |
| 8:57 | Build | Blacksmith |
| 9:18 | Create | Villager (Male) |
| 9:53 | Create | Villager (Male) |
| 10:16 | Research | Scale Mail Armor |
| 10:21 | Create | Villager (Male) |
| 10:22 | Build | House |
| 10:25 | Research | Scale Mail Armor |
| 10:45 | Create | Villager (Male) |
| 10:59 | Create | Militia |
| 11:19 | Create | Villager (Male) |
| 11:21 | Build | House |
| 11:48 | Create | Villager (Male) |
| 11:59 | Create | Villager (Male) |
| 12:22 | Create | Villager (Male) |
| 12:36 | Build | Watch Tower |
| 12:39 | Create | Villager (Male) |
| 13:28 | Create | Villager (Male) |
| 13:32 | Build | Archery Range |
| 14:13 | Create | Skirmisher |
| 14:13 | Create | Skirmisher |
| 14:18 | Create | Villager (Male) |
| 14:35 | Build | Mining Camp |
| 14:44 | Create | Villager (Male) |
| 14:52 | Build | House |
| 15:03 | Create | Skirmisher |
| 15:03 | Create | Skirmisher |
| 15:08 | Create | Villager (Male) |
| 15:24 | Create | Villager (Male) |
| 15:30 | Create | Villager (Male) |
| 15:37 | Create | Skirmisher |
| 15:42 | Build | Farm |
| 15:43 | Build | Farm |
| 15:58 | Build | Watch Tower |
| 16:11 | Build | Farm |
| 16:40 | Create | Villager (Male) |
| 16:42 | Build | Farm |
| 16:51 | Build | Palisade Wall |
| 16:52 | Build | Palisade Wall |
| 16:53 | Build | Palisade Wall |
| 17:04 | Build | Farm |
| 17:05 | Build | Farm |
| 17:33 | Create | Villager (Male) |
| 18:06 | Build | House |
| 18:07 | Create | Skirmisher |
| 18:10 | Create | Villager (Male) |
| 18:18 | Build | Watch Tower |
| 18:27 | Create | Skirmisher |
| 18:50 | Create | Villager (Male) |
| 19:00 | Build | Farm |
| 19:01 | Build | Farm |
| 19:05 | Build | Market |
| 19:08 | Build | Farm |
| 19:09 | Build | Farm |
| 19:09 | Build | Farm |
| 19:10 | Build | Farm |
| 19:10 | Build | Farm |
| 19:17 | Create | Villager (Male) |
| 19:28 | Build | Farm |
| 19:44 | Create | Skirmisher |
| 19:53 | Create | Militia |
| 20:07 | Build | Farm |
| 20:11 | Build | Farm |
| 20:30 | Create | Villager (Male) |
| 20:36 | Build | House |
| 20:38 | Research | Padded Archer Armor |
| 20:55 | Create | Militia |
| 21:06 | Build | Watch Tower |
| 21:10 | Create | Villager (Male) |
| 22:13 | Research | Fletching |
| 22:26 | Create | Villager (Male) |
| 22:33 | Build | Farm |
| 22:34 | Build | Farm |
| 22:35 | Build | Farm |
| 22:44 | Create | Villager (Male) |
| 23:00 | Create | Villager (Male) |
| 23:07 | Create | Villager (Male) |
| 23:15 | Build | Farm |
| 23:17 | Build | Farm |
| 23:29 | Build | Mining Camp |
| 23:32 | Create | Spearman |
| 23:34 | Create | Villager (Male) |
| 23:40 | Build | Mining Camp |
| 24:19 | Build | Stone Wall |
| 24:27 | Create | Skirmisher |
| 24:27 | Create | Skirmisher |
| 24:27 | Create | Skirmisher |
| 24:30 | Build | Archery Range |
| 24:31 | Create | Spearman |
| 24:37 | Build | House |
| 24:38 | Build | House |
| 24:59 | Create | Villager (Male) |
| 25:20 | Create | Militia |
| 25:21 | Build | Barracks |
| 25:26 | Research | Forging |
| 25:30 | Create | Villager (Male) |
| 25:52 | Create | Villager (Male) |
| 26:07 | Create | Militia |
| 26:15 | Create | Militia |
| 26:35 | Build | Farm |
| 26:49 | Create | Villager (Male) |
| 26:56 | Create | Militia |
| 27:03 | Create | Skirmisher |
| 27:05 | Create | Skirmisher |
| 27:21 | Create | Villager (Male) |
| 27:26 | Create | Militia |
| 27:37 | Build | House |
| 27:49 | Build | House |
| 27:51 | Create | Spearman |
| 28:21 | Create | Villager (Male) |
| 28:23 | Create | Skirmisher |
| 28:24 | Create | Skirmisher |
| 28:34 | Create | Militia |
| 28:44 | Build | Farm |
| 29:18 | Research | Castle Age |
| 29:18 | Research | Castle Age |
| 29:21 | Create | Militia |
| 30:01 | Create | Militia |
Build order — 烤乳猪
First 150 of 166 actions detected
| 0:01 | Create | Villager (Male) |
| 0:02 | Create | Villager (Male) |
| 0:02 | Create | Villager (Male) |
| 0:03 | Build | House |
| 0:04 | Build | House |
| 0:14 | Create | Villager (Male) |
| 0:14 | Create | Villager (Male) |
| 1:27 | Create | Villager (Male) |
| 1:27 | Create | Villager (Male) |
| 1:31 | Build | Lumber Camp |
| 2:00 | Create | Villager (Male) |
| 2:01 | Create | Villager (Male) |
| 2:31 | Create | Villager (Male) |
| 2:53 | Create | Villager (Male) |
| 3:20 | Create | Villager (Male) |
| 3:20 | Create | Villager (Male) |
| 3:43 | Create | Villager (Male) |
| 3:56 | Create | Villager (Male) |
| 3:56 | Create | Villager (Male) |
| 3:57 | Build | House |
| 4:29 | Build | Barracks |
| 4:33 | Create | Villager (Male) |
| 4:34 | Create | Villager (Male) |
| 5:07 | Create | Villager (Male) |
| 5:08 | Create | Villager (Male) |
| 5:09 | Research | Loom |
| 5:11 | Build | House |
| 6:20 | Build | Mining Camp |
| 6:25 | Research | Feudal Age |
| 6:25 | Research | Feudal Age |
| 7:03 | Create | Militia |
| 7:04 | Create | Militia |
| 7:04 | Create | Militia |
| 7:27 | Create | Militia |
| 7:58 | Build | Mill |
| 8:35 | Age | Feudal Age |
| 8:36 | Research | Man-at-Arms (upgrade) |
| 8:36 | Research | Man-at-Arms (upgrade) |
| 8:38 | Build | Archery Range |
| 8:50 | Create | Villager (Male) |
| 8:50 | Create | Villager (Male) |
| 9:24 | Create | Villager (Male) |
| 9:27 | Build | House |
| 9:45 | Create | Villager (Male) |
| 9:47 | Create | Archer |
| 10:15 | Create | Villager (Male) |
| 10:17 | Create | Archer |
| 10:45 | Create | Villager (Male) |
| 10:51 | Create | Villager (Male) |
| 10:53 | Build | Farm |
| 10:55 | Build | Farm |
| 10:56 | Build | Farm |
| 10:57 | Build | Farm |
| 11:12 | Create | Archer |
| 11:17 | Build | Farm |
| 11:18 | Build | Farm |
| 11:51 | Create | Villager (Male) |
| 11:53 | Create | Archer |
| 12:23 | Create | Villager (Male) |
| 12:24 | Create | Archer |
| 12:43 | Create | Villager (Male) |
| 12:48 | Create | Archer |
| 12:52 | Create | Villager (Male) |
| 13:08 | Build | House |
| 13:16 | Create | Archer |
| 13:19 | Create | Villager (Male) |
| 13:35 | Create | Archer |
| 13:52 | Create | Villager (Male) |
| 14:07 | Create | Villager (Male) |
| 14:20 | Build | Archery Range |
| 14:22 | Build | House |
| 14:23 | Create | Villager (Male) |
| 14:36 | Build | Blacksmith |
| 14:46 | Research | Town Watch |
| 14:50 | Create | Archer |
| 15:04 | Create | Villager (Male) |
| 15:09 | Research | Double-Bit Axe |
| 15:11 | Build | Palisade Wall |
| 15:13 | Build | Palisade Wall |
| 15:24 | Build | Palisade Wall |
| 15:28 | Build | House |
| 15:38 | Build | Palisade Wall |
| 15:45 | Create | Villager (Male) |
| 15:58 | Build | Farm |
| 15:59 | Build | Farm |
| 16:00 | Build | Farm |
| 16:01 | Build | Farm |
| 16:06 | Create | Villager (Male) |
| 16:09 | Build | Farm |
| 16:10 | Build | Farm |
| 16:29 | Create | Villager (Male) |
| 16:40 | Build | House |
| 16:46 | Build | Palisade Wall |
| 16:50 | Build | Palisade Wall |
| 16:56 | Create | Archer |
| 16:56 | Create | Archer |
| 17:44 | Create | Villager (Male) |
| 17:48 | Create | Archer |
| 17:48 | Create | Archer |
| 17:54 | Research | Fletching |
| 17:54 | Research | Fletching |
| 18:05 | Create | Villager (Male) |
| 18:14 | Build | Lumber Camp |
| 18:34 | Build | Stable |
| 18:48 | Create | Villager (Male) |
| 18:53 | Create | Villager (Male) |
| 19:21 | Build | Farm |
| 19:24 | Build | Farm |
| 19:24 | Build | Farm |
| 19:34 | Create | Archer |
| 19:35 | Create | Archer |
| 19:36 | Create | Villager (Male) |
| 19:37 | Build | Farm |
| 19:45 | Build | House |
| 20:00 | Build | Farm |
| 20:02 | Create | Scout Cavalry |
| 20:46 | Create | Villager (Male) |
| 20:55 | Create | Villager (Male) |
| 21:08 | Build | Farm |
| 21:09 | Build | Farm |
| 21:12 | Create | Villager (Male) |
| 21:18 | Build | Watch Tower |
| 21:31 | Create | Villager (Male) |
| 21:41 | Build | House |
| 21:46 | Build | House |
| 21:50 | Build | Palisade Wall |
| 21:51 | Build | House |
| 21:58 | Build | Palisade Wall |
| 22:05 | Build | Palisade Wall |
| 22:23 | Create | Scout Cavalry |
| 22:37 | Create | Villager (Male) |
| 22:55 | Create | Villager (Male) |
| 23:16 | Build | Farm |
| 23:17 | Build | Farm |
| 23:18 | Build | Farm |
| 23:24 | Create | Villager (Male) |
| 23:41 | Build | Market |
| 23:43 | Create | Scout Cavalry |
| 23:49 | Create | Villager (Male) |
| 23:53 | Build | Mining Camp |
| 23:56 | Create | Villager (Male) |
| 23:58 | Build | Farm |
| 24:47 | Create | Villager (Male) |
| 25:02 | Build | House |
| 25:36 | Build | House |
| 25:47 | Create | Scout Cavalry |
| 26:15 | Build | Farm |
| 26:17 | Research | Castle Age |
| 26:18 | Research | Castle Age |
| 27:05 | Build | Barracks |
Match timeline
| 4:29 | 烤乳猪 · first_building Barracks |
| 6:43 | RD | El_Zapatero22 · first_building Barracks |
| 8:35 | 烤乳猪 · age_up feudal |
| 8:38 | 烤乳猪 · first_building Archery Range |
| 8:43 | RD | El_Zapatero22 · age_up feudal |
| 13:32 | RD | El_Zapatero22 · first_building Archery Range |
| 15:11 | 烤乳猪 · wall_segment Palisade Wall x1 |
| 15:13 | 烤乳猪 · wall_segment Palisade Wall x1 |
| 15:24 | 烤乳猪 · wall_segment Palisade Wall x1 |
| 15:38 | 烤乳猪 · wall_segment Palisade Wall x1 |
| 16:46 | 烤乳猪 · wall_segment Palisade Wall x1 |
| 16:50 | 烤乳猪 · wall_segment Palisade Wall x5 |
| 16:51 | RD | El_Zapatero22 · wall_segment Palisade Wall x1 |
| 16:52 | RD | El_Zapatero22 · wall_segment Palisade Wall x1 |
| 16:53 | RD | El_Zapatero22 · wall_segment Palisade Wall x1 |
| 18:34 | 烤乳猪 · first_building Stable |
| 20:33 | RD | El_Zapatero22 · first_market_sell 500 wood |
| 20:34 | RD | El_Zapatero22 · first_market_buy 500 food |
| 21:50 | 烤乳猪 · wall_segment Palisade Wall x1 |
| 21:58 | 烤乳猪 · wall_segment Palisade Wall x1 |
| 22:05 | 烤乳猪 · wall_segment Palisade Wall x1 |
| 24:19 | RD | El_Zapatero22 · wall_segment Stone Wall x2 |
| 25:11 | 烤乳猪 · first_market_buy 100 food |
| 25:16 | 烤乳猪 · first_market_sell 100 wood |
| 27:35 | 烤乳猪 · wall_segment Palisade Wall x1 |
| 28:16 | 烤乳猪 · wall_segment Palisade Wall x1 |
| 28:30 | 烤乳猪 · wall_segment Palisade Wall x1 |
| 28:33 | 烤乳猪 · wall_segment Palisade Wall x1 |
| 28:57 | 烤乳猪 · age_up castle |
| 30:08 | 烤乳猪 · resign |
[ AI ANALYSIS · 1 CREDIT ]
What really happened in this match?
Wolo.gg analyzes every decision: build order, eco, micro, common mistakes by bracket. Personalized analysis on WhatsApp or Discord in 30 seconds.
Civ guide
Romans
Perfil
Jugador #17795993